 Dungeon Crawl Stone Soup version 0.30.1-4-g462c640d31 (webtiles) character file.

Game seed: 1577109718631454845

5997 hilljack the Frost Mage (level 10, 0/50 HPs)
             Began as a Gargoyle Ice Elementalist on Aug 15, 2023.
             Was a High Priest of Qazlal.
             Slain by a catoblepas (16 damage)
             ... on level 8 of the Dungeon on Aug 16, 2023.
             The game lasted 00:28:01 (8877 turns).

hilljack the Frost Mage (Gargoyle Ice Elementalist) Turns: 8877, Time: 00:28:02

Health: 0/50       AC: 28    Str: 12    XL:     10   Next: 85%
Magic:  15/23      EV: 11    Int: 20    God:    Qazlal [*****.]
Gold:   444        SH:  6    Dex: 10    Spells: 18/28 levels left

rFire   . . .        e - +1 halberd (vamp)
rCold   + . .        (shield currently unavailable)
rNeg    + . .        A - +3 leather armour {rC+}
rPois   ∞            d - +1 helmet
rElec   +            D - +0 cloak
rCorr   .            m - +0 pair of gloves
SInv    .            (no boots)
Will    .....        (no amulet)
Stlth   +            G - ring of fire
HPRegen 0.28/turn    l - ring of ice
MPRegen 0.18/turn

%: repel missiles
@: ice-armoured (expiring), protected from physical damage, freezing walls
A: sickness immunity, AC +7, negative energy resistance 1, electricity
resistance, torment resistance 1, petrification resistance
a: Renounce Religion, Upheaval, Elemental Force, Disaster Area


You were on level 8 of the Dungeon.
You worshipped Qazlal.
Qazlal was extremely pleased with you.
You visited 2 branches of the dungeon, and saw 9 of its levels.
You also visited: Ossuary.

You collected 444 gold pieces.

Inventory:

Hand Weapons
 e - a +1 vampiric halberd (weapon)
 k - a +3 morningstar
 u - a +5 rapier of flaming
Armour
 d - a +1 helmet (worn)
 m - a +0 pair of gloves (worn)
 A - a +3 leather armour of cold resistance (worn)
 D - a +0 cloak (worn)
 E - +0 acid dragon scales
Jewellery
 i - a ring of protection from cold
 l - a ring of ice (right hand)
 G - a ring of fire (left hand)
Wands
 p - a wand of paralysis (12)
 q - a wand of digging (5)
 H - a wand of roots (17)
Scrolls
 r - 2 scrolls of enchant armour
 s - a scroll of fear
 v - 2 scrolls of enchant weapon
 y - 3 scrolls of teleportation
 B - a scroll of immolation
 F - a scroll of magic mapping
Potions
 b - a potion of magic
 c - 2 potions of resistance
 f - a potion of invisibility {unknown}
 g - 8 potions of curing
 h - a potion of flight {unknown}
 j - 4 potions of cancellation
 n - 3 potions of haste
 o - 3 potions of berserk rage
 t - 2 potions of mutation {unknown}
 w - 2 potions of might
 x - a potion of lignification
 I - a potion of brilliance


   Skills:
 - Level 1.6 Dodging
 - Level 2.3 Stealth
 + Level 9.7 Spellcasting
 + Level 7.4 Summonings
 - Level 10.0 Ice Magic


You had 18 spell levels left.
You knew the following spells:

 Your Spells              Type           Power      Damage    Failure   Level
b - Frozen Ramparts       Ice            100%       1d16      1%          3
c - Ozocubu's Armour      Ice            65%        N/A       1%          3
d - Summon Ice Beast      Ice/Summ       61%        N/A       2%          4

Your spell library contained the following spells:

 Spells                   Type           Power      Damage    Failure   Level
 Freeze                   Ice            100%       1d10      1%          1
 Beastly Appendage        Tmut           18%        N/A       9%          1
 Wereblood                Tmut           9%         N/A       14%         2
 Spider Form              Tmut/Pois      9%         N/A       26%         3
 Animate Dead             Necr           9%         N/A       65%         4
 Olgreb's Toxic Radiance  Pois           9%         N/A       65%         4
 Haunt                    Necr/Summ      12%        N/A       100%        7
 Discord                  Hex            4%         N/A       100%        8
 Ignition                 Fire           7%         3d4       100%        8
 Infestation              Necr           4%         N/A       100%        8


Dungeon Overview and Level Annotations

Branches:
Dungeon (8/15)             Temple (1/1) D:4         Ossuary (visited)
   Lair: D:8-11

Altars:
Ashenzari
Cheibriados
Dithmenos
Fedhas
Gozag
Hepliaklqana
Makhleb
Nemelex Xobeh
Okawaru
Qazlal
Ru
Sif Muna
Trog
Uskayaw
Vehumet
Wu Jian
Xom
Yredelemnul
Zin
The Shining One


Innate Abilities, Weirdness & Mutations

You are immune to sickness and miasma.
Your stone body is resilient. (AC +7)
You are immune to poison.
You resist negative energy. (rN+)
You are resistant to electric shocks. (rElec)
You are resistant to unholy torment.
You are immune to petrification.


Message History

The wall freezes the centaur warrior.
You kill the centaur warrior!
Qazlal accepts your kill.
You are too injured to fight recklessly!
You are too injured to fight recklessly!
Reach: e) +1 halberd (vamp)
Press: ? - help, Dir - move target, f - catoblepas
Aim: a catoblepas (heavily wounded, about 14% to evade your +1 vampiric halberd)
You reach to attack!
You hit the catoblepas.
The catoblepas is heavily wounded.
The wall freezes the catoblepas.
A manticore comes into view.
The wall freezes the catoblepas.
The catoblepas breathes a plume of calcifying dust at you.
The blast of calcifying dust hits you but does no damage.
Reach: e) +1 halberd (vamp)
Press: ? - help, Dir - move target, f/p - catoblepas
Aim: a catoblepas (heavily wounded, about 14% to evade your +1 vampiric halberd)
You hit the catoblepas but do no damage.
The catoblepas is heavily wounded.
The wall freezes the catoblepas!
You block the catoblepas's attack.
Reach: e) +1 halberd (vamp)
Press: ? - help, Dir - move target, f/p - catoblepas
Aim: a catoblepas (severely wounded, about 14% to evade your +1 vampiric halberd)
You hit the catoblepas but do no damage.
The catoblepas is severely wounded.
You hear a shout!
The wall freezes the catoblepas but does no damage.
You block the catoblepas's attack.
The wall freezes the catoblepas but does no damage.
The catoblepas rams the ground with its head heavily.
The catoblepas gores you but does no damage.
The wall freezes the boulder beetle!
You hear a shout! x2
Your icy armour starts to melt.
The wall freezes the catoblepas.
The catoblepas gores you!
The wall freezes the boulder beetle.
The wall freezes the manticore!
You hear a shout!
The wall freezes the catoblepas!
The catoblepas gores you!
You die...

........#.#
..#.....#.#
#.......#.#
#....<#.#####..
###..)#........
.###.)).##
...###..)#
....†###)#
#..HBY@§#
#...)###)# ...
..# . ###


You could see a catoblepas, a boulder beetle and a manticore.

Vanquished Creatures
  2 centaur warriors (D:8)
  Maggie (D:6)
  A troll (D:8)
  A hornet (D:8)
  Sigmund (D:6)
  Eustachio (D:5)
  Grum (D:8)
  Menkaure (D:5)
  Edmund (D:4)
  Duvessa (D:6)
  2 ice beasts
  An ogre (D:6)
  4 wolves (D:8)
  2 centaurs
  2 phantoms
  A kobold brigand (D:6)
  2 wyvern zombies (Ossuary)
  A bullfrog (D:6)
  3 scorpions
  5 water moccasin zombies (Ossuary)
  4 wights
  A killer bee (D:8)
  2 howler monkeys
  A hound (D:5)
  4 bullfrog zombies (Ossuary)
  4 centaur zombies (Ossuary)
  A jelly (D:4)
  Crazy Yiuf (D:5)
  3 orc priests
  2 iguanas
  Ijyb (D:3)
  4 sleepcaps
  4 orc wizards
  2 killer bee zombies (Ossuary)
  13 mummies (Ossuary)
  4 howler monkey zombies (Ossuary)
  5 adders
  16 gnolls
  3 white imps
  2 ufetubi
  2 worms
  4 dart slugs
  24 orcs
  5 ball pythons
  4 bats
  8 endoplasms
  4 giant cockroaches
  4 goblins
  6 hobgoblins
  2 jackals (D:1)
  11 kobolds
  4 quokkas
  3 frilled lizards
  6 rats
198 creatures vanquished.

Vanquished Creatures (collateral kills)
  A black bear (D:7)
  Dowan (D:6)
2 creatures vanquished.

Grand Total: 200 creatures vanquished

Notes
Turn   | Place    | Note
-------+----------+-------------------------------------------
     0 | D:1      | hilljack the Gargoyle Ice Elementalist began the quest for
                  | the Orb.
     0 | D:1      | Reached XP level 1. HP: 10/10 MP: 3/3
   155 | D:1      | Reached XP level 2. HP: 15/15 MP: 0/5
   319 | D:1      | Found a faded altar of an unknown god.
   330 | D:1      | Prayed at the altar of an unknown god.
   330 | D:1      | Became a worshipper of Qazlal Stormbringer
   330 | D:1      | Reached * piety under Qazlal
   861 | D:1      | Reached XP level 3. HP: 19/19 MP: 3/6
  1331 | D:2      | Reached skill level 5 in Ice Magic
  1365 | D:2      | Reached ** piety under Qazlal
  1483 | D:2      | Learned a level 3 spell: Frozen Ramparts
  1795 | D:2      | Reached XP level 4. HP: 12/24 MP: 2/7
  1987 | D:3      | Found a hide-covered altar of Uskayaw.
  2068 | D:3      | Noticed Ijyb
  2074 | D:3      | Paralysed by Ijyb for 4 turns
  2081 | D:3      | Paralysed by Ijyb for 2 turns
  2086 | D:3      | Paralysed by Ijyb for 5 turns
  2092 | D:3      | Killed Ijyb
  2093 | D:3      | Reached XP level 5. HP: 20/28 MP: 1/9
  2350 | D:2      | Learned a level 3 spell: Ozocubu's Armour
  2781 | D:3      | Reached skill level 6 in Ice Magic
  3105 | D:3      | Reached XP level 6. HP: 28/32 MP: 2/11
  3463 | D:4      | Found a staircase to the Ecumenical Temple.
  3557 | D:4      | Reached *** piety under Qazlal
  3639 | D:4      | Noticed Edmund
  3669 | D:4      | Killed Edmund
  3670 | D:4      | Reached skill level 7 in Ice Magic
  3670 | D:4      | Reached XP level 7. HP: 35/36 MP: 5/13
  4145 | Temple   | Entered the Ecumenical Temple
  4492 | D:5      | Entered Level 5 of the Dungeon
  4496 | D:5      | Noticed Menkaure
  4585 | D:5      | Noticed Eustachio
  4591 | D:5      | Killed Eustachio
  4592 | D:5      | Reached skill level 8 in Ice Magic
  4599 | D:5      | Found a sand-covered staircase.
  4604 | Ossuary  | Entered an ossuary
  4634 | Ossuary  | Reached XP level 8. HP: 31/41 MP: 11/15
  4658 | Ossuary  | Reached skill level 5 in Spellcasting
  4871 | Ossuary  | Reached skill level 9 in Ice Magic
  5399 | Ossuary  | Reached skill level 10 in Ice Magic
  5399 | Ossuary  | Reached XP level 9. HP: 45/45 MP: 15/18
  5404 | Ossuary  | Learned a level 4 spell: Summon Ice Beast
  5473 | Ossuary  | Reached **** piety under Qazlal
  5594 | Ossuary  | Reached skill level 1 in Summonings
  6288 | D:5      | Killed Menkaure
  6604 | D:5      | Found a runed translucent door.
  6605 | D:5      | Noticed Crazy Yiuf
  6821 | D:5      | Killed Crazy Yiuf
  7329 | D:6      | Found a hazy altar of Hepliaklqana.
  7418 | D:6      | Noticed Sigmund
  7420 | D:6      | Noticed Maggie
  7423 | D:6      | Killed Sigmund
  7442 | D:6      | Killed Maggie
  7557 | D:6      | Noticed Dowan
  7570 | D:6      | Noticed Duvessa
  7593 | D:6      | Killed Duvessa
  7609 | D:6      | Killed Dowan
  7690 | D:6      | Reached skill level 5 in Summonings
  7690 | D:6      | Reached XP level 10. HP: 50/50 MP: 15/22
  8847 | D:8      | Noticed Grum
  8852 | D:8      | Reached ***** piety under Qazlal
  8857 | D:8      | Noticed a centaur warrior
  8857 | D:8      | Killed Grum
  8862 | D:8      | Identified the ring of Incredulity {Fly rCorr Dex+4}
  8862 | D:8      | Noticed a centaur warrior
  8863 | D:8      | Noticed a catoblepas
  8866 | D:8      | Killed a centaur warrior
  8872 | D:8      | Noticed a boulder beetle
  8872 | D:8      | Killed a centaur warrior
  8873 | D:8      | Noticed a manticore
  8877 | D:8      | Slain by a catoblepas

Illustrated notes

Levels and vault maps discovered:
D:1:      tarquinn_simple_flora_water_c, layout_loops_ring,
          dreamdust_ecumenical_altar_grove
D:2:      layout_rooms, kennysheep_generic_room_3
D:3:      layout_rooms, eat_drink_and_be_merry_uskayaw, minmay_misc_feat_x,
          uniq_ijyb
D:4:      layout_cave_pools, minmay_temple_entry_enclosed_plants,
          minmay_unequal, uniq_edmund
D:5:      layout_cave_pools, nicolae_ossuary_entry_false_entrances,
          grunt_decor_mini_mirrors, uniq_eustachio, uniq_crazy_yiuf_cottage,
          uniq_menkaure
D:6:      layout_rooms, nicolae_hepliaklqana_hippocampus, uniq_maggie,
          uniq_duvessa, uniq_sigmund
D:7:      layout_basic, hangedman_decor_points
D:8:      minmay_the_grid_triangle_9x9_recursive_2
          [minmay_the_grid_triangle_9x9_prize_insulated,
          minmay_the_grid_triangle_9x9_from_above,
          minmay_the_grid_triangle_9x9_corruption,
          minmay_the_grid_triangle_9x9_pentomino_pain], layout_basic,
          elyvilon_altar_3, special_room [special_room_orc],
          lemuel_flamethrower_1, uniq_grum
Temple:   hc_temple_tempest_star

Skill      XL: |  1  2  3  4  5  6  7  8  9 10 |
---------------+-------------------------------+-----
Ice Magic      | 5 6 7 8 10 | 10.0
Spellcasting   | 3 4 6 8 9 |  9.7
Summonings     | 5 7 |  7.4
Dodging        | |  1.6
Stealth        | |  2.3

Action                     |  1- 3 |  4- 6 |  7- 9 | 10-12 || total
---------------------------+-------+-------+-------+-------++-------
  Melee: Unarmed           |     3 |       |       |       ||     3
         Club              |    11 |       |       |       ||    11
         Mace              |     1 |    36 |       |       ||    37
         Dagger            |     1 |       |       |       ||     1
         Halberd           |       |    13 |   359 |    59 ||   431
         Rapier            |       |       |    49 |       ||    49
         Punch             |       |       |     1 |       ||     1
   Cast: Freeze            |    57 |    44 |     5 |       ||   106
         Frozen Ramparts   |     2 |    10 |    13 |     8 ||    33
         Ozocubu's Armour  |       |     3 |    19 |     4 ||    26
         Summon Ice Beast  |       |       |     2 |     1 ||     3
    Use: Scroll            |       |     8 |     7 |     7 ||    22
         Potion            |       |     1 |     1 |       ||     2
   Stab: Distracted        |       |       |     1 |       ||     1
 Armour: Robe              |    14 |       |       |       ||    14
         Leather armour    |     4 |    56 |   256 |    49 ||   365
  Dodge: Dodged            |    49 |    74 |   259 |    44 ||   426
         Repelled          |       |       |     4 |     2 ||     6
  Block: Other             |     3 |    14 |   117 |    16 ||   150
